 Dungeon Crawl Stone Soup version 0.17-a0-1987-gaf5a542 (webtiles) character file.

683 graki42 the Magician (level 7, -1/36 HPs)
             Began as a Deep Elf Fire Elementalist on Oct 6, 2015.
             Shot with an arrow of flame by a centaur (3 damage)
             ... on level 5 of the Dungeon.
             The game lasted 00:16:15 (3361 turns).

graki42 the Magician (Deep Elf Fire Elementalist)   Turns: 3361, Time: 00:16:15

Health: -1/36      AC:  6    Str:  7    XL:     7   Next: 35%
Magic:  19/19      EV: 13    Int: 20    God:
Gold:   206        SH:  0    Dex: 15    Spells: 5 memorised, 4 levels left

rFire  . . .     SeeInvis .     u - +4 quarterstaff (chaos)
rCold  . . .     Clarity  .     a - +0 robe
rNeg   . . .     SustAt   .     (no shield)
rPois  .         Gourm    .     t - +1 helmet
rElec  .         Spirit   .     v - +1 cloak
rCorr  .         Warding  .     (no gloves)
rMut   .         Stasis   .     (no boots)
MR     .....                    (no amulet)
Stlth  ++........               (no ring)
                                (no ring)

@: very slightly contaminated, not resistant to hostile enchantments, unstealthy
A: no striking features
a: no special abilities


You were on level 5 of the Dungeon.
You were very hungry.

You visited 2 branches of the dungeon, and saw 6 of its levels.

You collected 206 gold pieces.

Inventory:

Hand Weapons
 u - a +4 quarterstaff of chaos (weapon)
Armour
 a - a +0 robe (worn)
 t - a +1 helmet (worn)
 v - a +1 cloak (worn)
Jewellery
 B - an uncursed amulet of the gourmand {unknown}
Wands
 y - a wand of random effects (30)
Scrolls
 e - 2 scrolls of recharging
 g - a scroll of teleportation
 i - a scroll of remove curse
 l - 3 scrolls of identify
Potions
 d - 2 potions of curing {unknown}
 h - 2 potions of ambrosia {unknown}
 j - 2 potions of heal wounds {unknown}
 m - a potion of degeneration
 p - a potion of lignification {unknown}
 r - a potion of berserk rage {unknown}
 w - a potion of brilliance {unknown}
 z - a potion of cancellation {unknown}
Books
 b - a book of Flames

   Spells                             Type                      Level
   a - Flame Tongue                   Conjuration/Fire             1
   b - Throw Flame                    Conjuration/Fire             2
   c - Conjure Flame                  Conjuration/Fire             3
   d - Inner Flame                    Hexes/Fire                   3
   e - Sticky Flame                   Conjuration/Fire             4
   f - Fireball                       Conjuration/Fire             5
 A - a book of the Tempests

   Spells                             Type                      Level
   a - Static Discharge               Conjuration/Air              3
   b - Lightning Bolt                 Conjuration/Air              5
   c - Fireball                       Conjuration/Fire             5
   d - Tornado                        Air                          9
   e - Shatter                        Earth                        9
Comestibles
 c - 3 bread rations
 f - 2 slices of pizza
 k - a meat ration
 n - 4 fruits
 o - a beef jerky


   Skills:
 + Level 0.1 Fighting
 + Level 0.2 Staves
 - Level 2.4 Dodging
 - Level 2.4 Stealth
 + Level 0.1 Unarmed Combat
 + Level 7.2 Spellcasting
 + Level 4.4 Conjurations
 + Level 0.6 Hexes
 + Level 6.0 Fire Magic


You had 4 spell levels left.
You knew the following spells:

 Your Spells              Type           Power        Failure   Level  Hunger
a - Flame Tongue          Conj/Fire      ####.        1%          1    None
b - Conjure Flame         Conj/Fire      ####....     3%          3    #......
c - Inner Flame           Hex/Fire       ###.....     10%         3    #......
d - Sticky Flame          Conj/Fire      ####....     12%         4    ###....
e - Fireball              Conj/Fire      ####......   30%         5    #####..


Dungeon Overview and Level Annotations

Branches:
Dungeon (5/15)             Temple (1/1) D:4

Altars:
Ashenzari
Cheibriados
Dithmenos
Elyvilon
Gozag
Kikubaaqudgha
Makhleb
Nemelex Xobeh
Okawaru
Qazlal
Ru
Yredelemnul
Zin

Shops:
D:4 [


Message History

The centaur shouts!
The centaur wields a shortbow.
The centaur shoots an arrow of flame.
The arrow of flame hits you! The arrow of flame burns you.
Found a stone staircase leading up.
You see here an arrow of flame.
Casting: Flame Tongue
Confirm with . or Enter, or press ? or * to list all spells.
Aiming: Fireball
Press: ? - help, Shift-Dir - straight line
Okay, then.
The centaur shoots an arrow of flame.
The arrow of flame hits you! The arrow of flame burns you.
* * * LOW HITPOINT WARNING * * *
The centaur shoots an arrow of flame.
The arrow of flame closely misses you.
An orc comes into view. It is wielding a whip.
You see here an arrow of flame.
The centaur shoots an arrow of flame.
The arrow of flame hits you!
* * * LOW HITPOINT WARNING * * *
The arrow of flame burns you.
You die...

.......o.#
#.........
<....Zc...
#......o..
.......#.#
.......#.##5.
.........## ####...
.. .. ..........#
#..# ...
./........#######..
....
.......((........).
.##..
.......##..........
.# .. #######
#@....#....
###.....#....
#............
###............
#..............
#..........####
#.......####
#.......# #......)#


You could see a centaur and a giant frog skeleton (wandering).

Vanquished Creatures
  Sigmund (D:3)
  2 ogres (D:4)
  Crazy Yiuf (D:3)
  An orc wizard (D:3)
  2 giant frog skeletons (D:4)
  An iguana (D:4)
  2 worker ants (D:4)
  2 hound skeletons (D:4)
  Robin (D:3)
  4 adders
  2 oozes
  An adder zombie (D:2)
  3 worms
  3 giant geckos
  5 orcs
  11 goblins (D:3)
  11 hobgoblins
  7 kobolds
  3 ball pythons
  8 bats
  6 giant cockroaches
  A giant gecko skeleton (D:2)
  8 giant newts
  4 rats
90 creatures vanquished.

Notes
Turn   | Place    | Note
--------------------------------------------------------------
     0 | D:1      | graki42 the Deep Elf Fire Elementalist began the quest for the Orb.
     0 | D:1      | Reached XP level 1. HP: 10/10 MP: 6/6
   231 | D:1      | Reached XP level 2. HP: 15/15 MP: 6/8
   336 | D:1      | Reached skill level 4 in Fire Magic
   718 | D:1      | Reached XP level 3. HP: 13/19 MP: 1/10
   771 | D:1      | Learned a level 3 spell: Conjure Flame
   775 | D:1      | Learned a level 3 spell: Inner Flame
  1190 | D:2      | Found an opulent altar of Gozag.
  1235 | D:2      | Reached XP level 4. HP: 24/24 MP: 9/11
  1247 | D:2      | You fall through a shaft for 2 floors!
  1248 | D:4      | Found a staircase to the Ecumenical Temple.
  1263 | Temple   | Entered the Ecumenical Temple
  1523 | D:4      | Noticed an ogre
  1617 | D:3      | Noticed Robin
  1751 | D:3      | Noticed Sigmund
  1781 | D:3      | Noticed Crazy Yiuf
  1789 | D:3      | Killed Crazy Yiuf
  1789 | D:3      | Reached XP level 5. HP: 28/28 MP: 10/14
  1968 | D:3      | Reached skill level 5 in Spellcasting
  2030 | D:3      | Killed Robin
  2285 | D:3      | Killed Sigmund
  2285 | D:3      | Reached skill level 6 in Spellcasting
  2285 | D:3      | Reached skill level 5 in Fire Magic
  2285 | D:3      | Reached XP level 6. HP: 21/32 MP: 5/17
  2539 | D:4      | Found Pur Cuyf's Antique Armour Shop.
  2749 | D:4      | Learned a level 4 spell: Sticky Flame
  2755 | D:4      | Learned a level 5 spell: Fireball
  2821 | D:4      | Noticed an ogre
  2827 | D:4      | Killed an ogre
  2827 | D:4      | Reached XP level 7. HP: 18/36 MP: 13/19
  3016 | D:4      | Killed an ogre
  3016 | D:4      | Reached skill level 7 in Spellcasting
  3336 | D:5      | Entered Level 5 of the Dungeon
  3361 | D:5      | Shot with an arrow of flame by a centaur

Vault maps used:
D:1:      nicolae_arrival_somewhat_less_tricky_arrival, serial_glass,
          glass_columns_a, glass_columns_a
D:2:      grunt_gozag_breadcrumbs, serial_undead, serial_undead_e,
          serial_undead_b, serial_undead_d, serial_undead_a
D:3:      minivault_4, uniq_sigmund, uniq_crazy_yiuf_cottage, uniq_robin
D:4:      minmay_temple_entry_trees, serial_shops,
          nicolae_shop_temple_entry_statues_fountains, first_bread,
          grunt_ministairs_1
D:5:      lemuel_doored_altar, portal_sewer_entry_e
Temple:   chambers_temple_12

Action                   |  1- 3 |  4- 6 |  7- 9 || total
-------------------------+-------+-------+-------++-------
Melee: Unarmed           |       |     3 |       ||     3
       Quarterstaff      |       |     1 |       ||     1
 Cast: Flame Tongue      |    75 |    90 |    14 ||   179
       Conjure Flame     |       |     5 |     1 ||     6
       Inner Flame       |       |     4 |       ||     4
  Use: Scroll            |       |       |     8 ||     8
  Eat: Chunk             |       |     6 |       ||     6
       Fruit             |       |     1 |       ||     1
